Map: Arctic Dream LE

Players

Der

  • Race: Terran Terran
  • League: Gold

Kamus

  • Race: Terran Terran
  • League: Gold

kobalt

  • Race: Zerg Zerg

gpsugy

  • Race: Protoss Protoss
  • League: Platinum

VOD

Have the link to the VOD?

Description

Time

  • Played on: July 2, 2021, 9:29 p.m.
  • Length: 13:52
Show
View Real Time Build Order
Export as new Build Order

Der Terran 

Build Orders:  

Get SALT Encoding   

  12  0:00  SCV  
  13  0:16  Supply Depot  
  13  0:21  SCV  
  14  0:33  SCV  
  15  0:40  Barracks  
  15  0:46  Supply Depot  
  15  0:48  SCV  
  16  1:00  SCV  
  17  1:09  Refinery  
  17  1:11  Refinery  
  17  1:12  SCV  
  18  1:25  SCV  
  19  1:37  SCV  
  20  1:49  SCV  
  21  1:56  Marine  
  21  2:01  SCV  
  23  2:09  Factory  
  23  2:13  SCV, Marine  
  25  2:25  SCV  
  25  2:31  Marine  
  26  2:37  SCV  
  27  2:49  SCV, Marine  
  29  3:00  Starport  
  29  3:01  SCV, Factory Tech Lab  
  30  3:07  Marine  
  30  3:11  Bunker  
  31  3:14  Bunker  
  31  3:22  Supply Depot  
  31  3:23  Orbital Command  
  31  3:41  Supply Depot  
  31  3:43  Siege Tank, Marine  
  34  4:03  Marine  
  34  4:09  Supply Depot  
  35  4:18  Starport Tech Lab, Fusion Core  
  35  4:20  Marine  
  36  4:37  Engineering Bay  
  36  4:38  Marine  
  37  4:49  SCV  
  38  4:56  Marine  
  31  5:14  Marine  
  32  5:22  SCV  
  32  5:25  Missile Turret  
  33  5:32  Marine  
  33  5:34  SCV  
  35  5:46  SCV  
  35  5:49  Command Center  
  36  5:58  SCV  
  36  6:00  Missile Turret  
  36  6:01  Marine  
  38  6:10  SCV  
  39  6:16  Weapon Refit  
  39  6:22  SCV  
  39  6:25  Missile Turret  
  40  6:34  SCV  
  41  6:46  SCV  
  42  6:58  SCV  
  43  7:04  Orbital Command, Missile Turret  
  43  7:21  SCV  
  44  7:23  Battlecruiser  
  44  7:25  Refinery  
  44  7:29  SCV  
  51  7:30  Refinery  
  51  7:33  SCV  
  52  7:37  Missile Turret  
  52  7:40  Marine  
  52  7:42  SCV  
  54  7:45  SCV  
  55  7:54  SCV  
  55  7:57  SCV  
  55  7:58  Marine  
  57  7:59  Missile Turret  
  58  8:06  SCV  
  58  8:09  SCV  
  60  8:18  SCV  
  61  8:21  SCV  
  61  8:24  Starport  
  62  8:37  Supply Depot  
  62  8:42  Missile Turret  
  62  8:58  Supply Depot, SCV x2, Battlecruiser  
  62  9:00  Supply Depot  
  70  9:03  Supply Depot  
  70  9:06  Starport Tech Lab  
  70  9:10  Starport  
  70  9:16  Armory  
  70  9:20  SCV x2  
  70  9:21  Armory, Hi-Sec Auto Tracking  
  72  9:26  Supply Depot  
  72  9:32  SCV  
  72  9:34  Battlecruiser  
  79  9:49  Supply Depot  
  79  9:54  Starport Tech Lab  
  79  9:58  Starport  
  79  10:06  Terran Ship Weapons Level 1  
  79  10:08  Terran Vehicle And Ship Armor Level 1  
  79  10:13  Missile Turret  
  79  10:15  Missile Turret  
  79  10:20  Battlecruiser  
  85  10:31  Battlecruiser  
  91  10:38  Starport Tech Lab  
  91  10:46  Battlecruiser  
  97  11:05  Battlecruiser  
  103  11:15  Missile Turret  
  89  11:41  Supply Depot  
  95  11:47  Battlecruiser  
  95  11:52  Supply Depot  
  93  12:26  Marine  
  94  12:30  Battlecruiser x2  
  106  12:44  Marine  
  106  12:45  Siege Tank  
Show
View Real Time Build Order
Export as new Build Order

Kamus Terran 

Build Orders: Liberator Opening 

Get SALT Encoding   

  12  0:01  SCV  
  13  0:16  Supply Depot  
  13  0:20  SCV  
  14  0:32  SCV  
  15  0:41  Barracks  
  15  0:49  Supply Depot  
  16  0:52  Refinery  
  16  0:53  SCV  
  16  1:05  SCV  
  17  1:15  Barracks  
  17  1:17  SCV  
  18  1:22  Refinery  
  18  1:29  SCV  
  19  1:39  Reaper  
  20  1:41  SCV  
  21  1:53  SCV  
  22  2:06  Factory  
  22  2:09  Orbital Command  
  22  2:14  Marine  
  23  2:15  Marine  
  24  2:34  Barracks Reactor  
  24  3:00  Supply Depot  
  24  3:01  Factory Tech Lab  
  24  3:03  Starport  
  24  3:07  Marine  
  25  3:25  Marine  
  26  3:42  Liberator  
  26  3:44  Siege Tank  
  33  3:49  Supply Depot  
  33  3:50  Marine x2, Barracks Tech Lab  
  34  3:56  SCV  
  35  4:08  SCV  
  36  4:10  Stimpack  
  36  4:18  Engineering Bay  
  36  4:20  Marine  
  36  4:21  Marine x2  
  39  4:29  Bunker  
  39  4:49  Marine  
  39  4:50  Barracks Reactor, Missile Turret  
  39  4:52  Medivac x2  
  44  5:07  Marine, Missile Turret  
  45  5:18  Supply Depot  
  45  5:38  Terran Infantry Weapons Level 1, Missile Turret  
  45  5:39  Siege Tank  
  45  5:41  Marine x2  
  45  5:42  Marine  
  51  5:50  Combat Shield  
  51  5:59  Marine x3, Missile Turret  
  54  6:17  Marine  
  55  6:21  Missile Turret  
  55  6:23  Supply Depot  
  55  6:45  Marine x3  
  55  7:02  Medivac x2, Marine x3  
  55  7:05  Supply Depot  
  62  7:12  Command Center  
  62  7:20  Marine  
  63  7:26  Marine x2  
  65  7:33  Terran Infantry Armor Level 1  
  65  7:38  Marine  
  66  7:44  Marine  
  66  7:47  Marine  
  68  7:56  Marine  
  69  7:59  SCV  
  69  8:02  Marine  
  71  8:18  Supply Depot  
  71  8:24  SCV, Marine x3  
  74  8:36  SCV  
  75  8:42  Marine x3  
  59  8:59  Marine x3  
  61  9:17  Marine x3  
  60  9:26  Orbital Command  
  60  9:29  SCV  
  58  9:35  Marine x3  
  60  9:41  SCV  
  61  9:46  Medivac x2  
  65  9:53  SCV, Marine x3  
  69  10:06  Command Center, SCV  
  70  10:11  Marine x3  
  73  10:18  SCV  
  74  10:28  Marine x2  
  74  10:29  Marine  
  74  10:32  Missile Turret  
  77  10:46  Marine x3  
  77  10:47  Armory  
  80  10:51  SCV x2  
  80  10:54  Sensor Tower  
  80  10:55  Refinery  
  82  10:57  Refinery  
  82  11:03  SCV x2  
  84  11:04  Marine x3  
  84  11:10  Barracks  
  87  11:15  SCV x2  
  89  11:22  Marine x3  
  92  11:27  SCV  
  92  11:28  SCV  
  94  11:39  SCV, Barracks  
  80  11:40  SCV, Marine x3  
  62  11:58  Marine x3  
  62  11:59  Barracks Reactor  
  65  12:07  Orbital Command  
  65  12:14  Siege Tank  
  68  12:15  Marine x3  
  70  12:27  Supply Depot  
  70  12:33  Marine x3  
  70  12:36  Viking x2  
  77  12:43  Missile Turret  
  77  12:45  Barracks Reactor  
  77  12:46  Siege Tank  
  77  12:50  Supply Depot  
  80  12:51  Marine x3  
  80  12:53  Supply Depot  
  83  13:05  Missile Turret  
  83  13:09  Marine x3  
  83  13:12  Marine x2  
  88  13:13  Supply Depot, Medivac x2  
  88  13:16  Supply Depot  
  83  13:27  Marine x3  
  72  13:30  Marine x2  
Show
View Real Time Build Order
Export as new Build Order

kobalt Zerg 

Build Orders: 1 Base Baneling Bust, Pool First, Lurkers, Zergling Baneling 

Get SALT Encoding   

  12  0:17  Spawning Pool  
  11  0:22  Drone  
  11  0:26  Drone  
  13  0:35  Overlord  
  13  0:42  Drone  
  14  0:47  Extractor  
  14  0:48  Drone  
  14  0:55  Drone  
  15  1:06  Queen  
  15  1:08  Drone  
  18  1:22  Zergling x2  
  19  1:27  Zergling x2  
  20  1:37  Overlord  
  20  1:48  Zergling x2  
  20  1:52  Metabolic Boost  
  21  1:59  Zergling x2  
  22  2:12  Zergling x2  
  22  2:15  Zergling x4  
  25  2:18  Zergling x2  
  26  2:26  Baneling Nest  
  26  2:27  Zergling x2  
  26  2:34  Overlord  
  25  2:38  Extractor  
  24  2:45  Queen  
  24  2:48  Overlord  
  26  2:51  Zergling x2  
  26  2:52  Zergling x2  
  26  2:53  Zergling x2  
  29  3:00  Zergling x2  
  30  3:07  Zergling x2  
  30  3:12  Baneling x3  
  31  3:13  Baneling  
  31  3:15  Baneling  
  31  3:26  Zergling x2  
  21  4:03  Baneling x3  
  21  4:04  Baneling x2  
  21  4:05  Baneling  
  21  4:06  Zergling x4  
  23  4:21  Hatchery  
  22  4:24  Zergling x2  
  23  4:40  Spore Crawler  
  23  4:42  Drone  
  19  5:20  Drone x5  
  24  5:40  Lair  
  24  5:48  Drone  
  24  5:49  Drone  
  26  5:59  Drone x2  
  26  6:01  Drone  
  29  6:05  Drone  
  29  6:09  Drone  
  31  6:14  Drone  
  31  6:17  Drone  
  33  6:24  Drone  
  33  6:25  Drone  
  30  6:55  Drone x2  
  30  6:56  Drone x5  
  37  7:12  Drone  
  37  7:13  Drone  
  37  7:14  Spore Crawler  
  38  7:24  Drone x4  
  38  7:29  Drone x2  
  44  7:34  Extractor  
  44  7:35  Extractor  
  42  7:40  Drone x2  
  42  7:41  Hydralisk Den  
  43  7:56  Drone x2  
  45  8:03  Overlord  
  45  8:04  Overlord x2  
  45  8:06  Drone x2, Evolution Chamber  
  46  8:16  Grooved Spines  
  46  8:23  Drone x3, Evolution Chamber  
  46  8:24  Drone  
  49  8:29  Drone x2  
  49  8:33  Zerg Missile Weapons Level 1  
  51  8:39  Zergling x12  
  57  8:44  Centrifical Hooks  
  57  8:50  Zerg Ground Armor Level 1  
  57  8:51  Drone  
  57  8:52  Drone x2  
  57  8:53  Zergling x2  
  57  8:54  Zergling x2  
  62  9:02  Hydralisk x2  
  66  9:10  Hydralisk  
  66  9:12  Hydralisk x3  
  66  9:14  Hydralisk  
  76  9:31  Overlord x2  
  76  9:45  Overlord x2  
  76  10:02  Hydralisk x8  
  76  10:03  Hydralisk  
  94  10:09  Hatchery  
  94  10:13  Baneling x2  
  94  10:14  Baneling x7  
  93  10:15  Baneling  
  93  10:18  Hydralisk x3  
  99  10:26  Lurker Den  
  98  10:32  Hydralisk x3  
  104  10:40  Drone x2  
  106  10:44  Overseer x3  
  106  10:45  Overseer  
  106  10:52  Zerg Melee Weapons Level 1  
  106  10:54  Zerg Ground Armor Level 2  
  94  11:37  Hydralisk x4  
  94  11:38  Hydralisk x6  
  114  11:51  Overlord x2  
  114  11:52  Overlord x4  
  114  12:00  Lurker Den  
  113  12:08  Infestation Pit  
  113  12:09  Overlord x3  
  113  12:10  Overlord  
  113  12:29  Lurker x2  
  117  12:30  Lurker x2  
  117  12:31  Lurker  
  117  12:32  Lurker  
  117  12:35  Zergling x10  
  117  12:36  Zergling x8  
  128  12:43  Zergling x10  
  133  12:50  Overseer x4  
  131  13:11  Hydralisk x4  
  131  13:12  Hydralisk  
  141  13:20  Zergling x12  
  141  13:21  Zergling x2  
Show
View Real Time Build Order
Export as new Build Order

gpsugy Protoss 

Build Orders: 1 Gate Expand, Oracle Opening 

Get SALT Encoding   

  12  0:00  Probe  
  13  0:15  Probe  
  14  0:24  Pylon  
  14  0:27  Probe  
  15  0:42  Probe (Chrono Boost)  
  16  0:44  Gateway  
  16  0:54  Probe (Chrono Boost)  
  17  0:59  Assimilator  
  17  1:00  Probe (Chrono Boost)  
  18  1:09  Probe  
  19  1:21  Probe  
  20  1:33  Probe  
  20  1:36  Nexus  
  21  1:45  Probe, Cybernetics Core  
  22  1:53  Assimilator  
  22  1:57  Pylon  
  22  2:02  Probe  
  23  2:16  Probe  
  23  2:21  Adept (Chrono Boost)  
  24  2:22  Warp Gate  
  26  2:33  Pylon  
  26  2:37  Stargate  
  26  2:41  Gateway  
  26  2:42  Probe  
  27  2:49  Probe (Chrono Boost)  
  29  3:00  Probe (Chrono Boost)  
  29  3:01  Probe (Chrono Boost)  
  30  3:06  Probe (Chrono Boost)  
  30  3:08  Probe (Chrono Boost)  
  30  3:11  Gateway  
  32  3:16  Probe  
  33  3:23  Probe  
  33  3:31  Probe  
  34  3:37  Oracle (Chrono Boost)  
  34  3:38  Probe  
  38  3:43  Probe  
  38  3:48  Sentry, Stalker  
  43  3:50  Probe  
  43  3:55  Probe, Shield Battery  
  45  4:03  Probe, Twilight Council  
  45  4:04  Forge  
  45  4:08  Probe  
  47  4:14  Sentry  
  49  4:25  Probe (Chrono Boost)  
  49  4:27  Assimilator  
  49  4:29  Probe (Chrono Boost)  
  51  4:32  Assimilator  
  51  4:36  Charge  
  51  4:37  Probe (Chrono Boost)  
  53  4:40  Probe (Chrono Boost)  
  53  4:42  Probe (Chrono Boost)  
  53  4:43  Protoss Ground Weapons Level 1 (Chrono Boost)  
  54  4:49  Nexus  
  54  4:52  Pylon  
  54  5:09  Void Ray (Chrono Boost)  
  54  5:10  Probe x2  
  60  5:22  Probe x2  
  62  5:29  Gateway  
  62  5:30  Gateway  
  62  5:32  Gateway  
  62  5:34  Gateway  
  62  5:38  Pylon  
  62  5:41  Pylon  
  62  5:47  Shield Battery  
  62  5:49  Shield Battery  
  62  5:50  Photon Cannon  
  62  5:53  Pylon  
  62  5:56  Probe x2  
  64  5:57  Assimilator  
  64  5:58  Void Ray  
  64  5:59  Assimilator  
  64  6:06  Sentry  
  64  6:08  Probe x2  
  64  6:09  Stalker  
  74  6:13  Probe (Chrono Boost)  
  75  6:24  Probe x2 (Chrono Boost)  
  78  6:26  Probe (Chrono Boost)  
  78  6:33  Probe (Chrono Boost)  
  79  6:55  Void Ray  
  79  7:06  Pylon  
  83  7:11  Pylon  
  83  7:15  Probe  
  84  7:21  Templar Archives  
  84  7:24  Gateway  
  84  7:25  Gateway  
  84  7:28  Gateway  
  84  7:30  Gateway  
  84  7:32  Gateway  
  84  7:33  Gateway  
  84  7:34  Probe x2  
  84  7:35  Robotics Facility  
  84  7:37  Probe  
  87  7:38  Void Ray (Chrono Boost), Gateway  
  87  7:41  Stalker x5  
  97  7:51  Probe  
  102  7:52  Probe x2  
  102  7:58  Protoss Air Weapons Level 1 (Chrono Boost)  
  104  7:59  Nexus  
  104  8:01  Shield Battery  
  104  8:04  Photon Cannon  
  104  8:05  Shield Battery  
  104  8:06  Probe x3  
  104  8:08  Void Ray, Pylon  
  104  8:10  Assimilator  
  104  8:11  High Templar x2  
  111  8:14  Assimilator  
  111  8:18  Archon  
  115  8:23  Observer  
  115  8:38  Zealot x2  
  115  8:40  Zealot x4  
  123  8:44  Probe  
  116  8:49  Blink (Chrono Boost), Stalker x3  
  116  8:50  Protoss Ground Armor Level 1 (Chrono Boost), Stalker  
  116  8:55  Probe  
  123  9:08  Stalker x2  
  121  9:10  Stalker  
  121  9:11  Stalker x2  
  123  9:19  Zealot  
  120  9:29  Probe  
  119  9:39  Warp Prism (Chrono Boost)  
  119  9:41  Void Ray (Chrono Boost)  
  125  10:10  Assimilator  
  125  10:13  Nexus  
  125  10:16  Pylon  
  125  10:18  Shield Battery  
  125  10:21  Shield Battery  
  125  10:22  Photon Cannon  
  125  10:25  Photon Cannon  
  125  10:29  Forge  
  125  10:30  Gateway  
  125  10:33  Pylon  
  125  10:34  Probe x3  
  128  10:36  Pylon  
  128  10:39  Pylon  
  128  10:40  Photon Cannon  
  128  10:46  Probe x2  
  128  10:47  Pylon  
  130  10:53  Probe  
  131  10:57  Pylon  
  131  11:08  Pylon  
  114  11:30  High Templar x5  
  114  11:31  High Templar x6  
  114  11:32  High Templar  
  131  11:35  Archon  
  131  11:36  Archon x4  
  131  11:37  Archon  
  113  11:43  Zealot x3  
  113  11:44  Void Ray  
  111  11:47  Immortal  
  118  12:03  High Templar x2  
  118  12:05  Zealot  
  118  12:06  Zealot x5  
  128  12:08  Archon  
  122  12:21  Void Ray  
  126  12:38  Probe x2  
  107  13:10  Zealot x5  
  107  13:11  Zealot x6  
  129  13:17  Probe  
Tags
 
Add a new tag
Caveats
  • Supply blocks, unpowered buildings, or Contaminate may cause inaccurate times.
  • Supply counts are checked every 10 seconds.